 Dungeon Crawl Stone Soup version 0.24-a0-284-g9fb9971 (webtiles) character file.

Game seed: 18182010335987226452

107 MisterFreud the Slasher (level 4, -4/31 HPs)
             Began as an Octopode Fighter on May 6, 2019.
             Slain by Pikel
             ... wielding a +1 whip of electrocution
              (18 damage)
             ... on level 3 of the Dungeon.
             The game lasted 00:03:23 (2290 turns).

MisterFreud the Slasher (Octopode Fighter)          Turns: 2290, Time: 00:03:24

Health: -4/31      AC:  1    Str: 20    XL:     4   Next: 86%
Magic:  13/13      EV: 11    Int: 11    God:
Gold:   154        SH:  9    Dex: 11    Spells: 3/3 levels left

rFire    . . .     SeeInvis .   a - +0 long sword
rCold    . . .     Gourm    .   b - +0 shield
rNeg     . . .     Faith    .   (helmet restricted)
rPois    .         Spirit   .   (no amulet)
rElec    .         Reflect  .   m - ring of magical power
rCorr    .         Harm     .   (no ring)
MR       .....                  (no ring)
Stlth    ++........             (no ring)
HPRegen  0.10/turn              (no ring)
MPRegen  0.13/turn              (no ring)
                                (no ring)
                                (no ring)

@: mighty
A: almost no armour, stealthy swim, amphibious, 8 rings, constrict 8, camouflage
1, gelatinous body 1
a: no special abilities


You were on level 3 of the Dungeon.
You were not hungry.

You visited 1 branch of the dungeon, and saw 4 of its levels.

You collected 154 gold pieces.

Inventory:

Hand Weapons
 a - a +0 long sword (weapon)
Missiles
 e - 30 sling bullets
 h - 92 stones (quivered)
 j - 24 poisoned needles
 o - 47 arrows
Armour
 b - a +0 shield (worn)
Jewellery
 m - a ring of magical power (left tentacle)
Scrolls
 k - a scroll of teleportation
 l - a scroll of identify
 n - a scroll of remove curse
Potions
 c - a potion of might
 f - a potion of agility
 g - a potion of heal wounds {unknown}
 i - a potion of curing
 p - a potion of lignification
Comestibles
 d - 10 rations


   Skills:
 - Level 3.0 Fighting
 + Level 4.9 Long Blades
 - Level 3.0 Dodging
 - Level 3.0 Shields


You had 3 spell levels left.
You didn't know any spells.
Your spell library was empty.

Dungeon Overview and Level Annotations

Branches:
Dungeon (4/15)
 Temple: D:4-7

Altars:

Annotations:
D:3 Pikel


Innate Abilities, Weirdness & Mutations

You cannot wear most types of armour.
You are very stealthy in the water. (Stealth+)
You are amphibious.
You can wear up to eight rings at the same time.
You can use your tentacles to constrict eight enemies at once.
Your skin changes colour to match your surroundings (Stealth+).
Your rubbery body absorbs attacks. (AC +1, EV +1)


Message History

Things that are here:
a +0 leather armour; a +0 trident
Things that are here:
a cursed +0 scale mail; a +0 mace; a cursed -2 club You feel very mighty all of a sudden.
The slave hits you.
You slash the slave! You grab the slave.
The slave is heavily wounded.
You constrict the slave. You block the slave's attack.
You slash the slave!
The slave is almost dead.
You constrict the slave.
You kill the slave!
That felt strangely unrewarding.
You slash Pikel! Your grab misses Pikel. Your squeeze misses Pikel.
Pikel is lightly wounded.
Pikel hits you with a +1 whip of electrocution.
You are electrocuted!!
Ouch! That really hurt!
You die...

.###..##..#######.#
..........[#....#.#
..........<)......#
...........#>..[.##
...........#####[#
...........# #p#
...........# #.#
###.######.# #K# #
#.# #.# #@# # #.##
#.# #.# ###..###
#.## #.# ##.....#
#..## #.# ...#####
##..###.# ####
##.#...# # #.#.###
# #...# #########
#>.##


You could see Pikel and a slave.

Vanquished Creatures
  2 slaves (D:3)
  2 adders
  An ooze (D:1)
  3 worms (D:2)
  3 dart slugs
  A leopard gecko (D:3)
  6 orcs (D:3)
  2 ball pythons
  3 giant cockroaches
  8 goblins
  8 hobgoblins
  3 jackals (D:3)
  A quokka (D:2)
  5 bats
  2 frilled lizards (D:2)
  8 kobolds
  5 rats
63 creatures vanquished.

Notes
Turn   | Place    | Note
-------+----------+-------------------------------------------
     0 | D:1      | MisterFreud the Octopode Fighter began the quest for the
                  | Orb.
     0 | D:1      | Reached XP level 1. HP: 16/16 MP: 1/1
    81 | D:1      | Reached XP level 2. HP: 21/21 MP: 2/2
   165 | D:1      | Reached skill level 3 in Long Blades
   975 | D:2      | Reached XP level 3. HP: 26/26 MP: 3/3
  1135 | D:2      | Reached skill level 4 in Long Blades
  1193 | D:2      | Reached XP level 4. HP: 31/31 MP: 4/4
  1872 | D:3      | Found a faded altar of an unknown god.
  2114 | D:4      | Noticed Pikel
  2114 | D:4      | Noticed a slave
  2114 | D:4      | Noticed a slave
  2114 | D:4      | Noticed a slave
  2114 | D:4      | Noticed a slave
  2114 | D:4      | Noticed an ogre
  2125 | D:3      | Killed a slave
  2289 | D:3      | Killed a slave
  2290 | D:3      | Slain by Pikel

Levels and vault maps discovered:
D:1:      wander_arrival_peaceful_grave, layout_basic
D:2:      layout_basic, first_ration
D:3:      layout_rooms, chequers_ecumenical_altar_simple
D:4:      layout_rooms, fedhas_altar_3, uniq_pikel

Skill      XL: |  1  2  3 |
---------------+----------+-----
Long Blades    | 3 4 |  4.9
Fighting       | |  3.0
Dodging        | |  3.0
Shields        | |  3.0

Action                   |  1- 3 |  4- 6 || total
-------------------------+-------+-------++-------
Melee: Long sword        |    54 |    64 ||   118
       Constrict         |    22 |    23 ||    45
       Tentacles         |    11 |    14 ||    25
  Use: Scroll            |       |     8 ||     8
       Potion            |       |     1 ||     1
 Stab: Sleeping          |     4 |     2 ||     6
       Distracted        |       |     1 ||     1
  Eat: Chunk             |     1 |     3 ||     4
Armor: Skin              |     4 |     3 ||     7
Dodge: Dodged            |    26 |    29 ||    55
Block: Shield            |    16 |    39 ||    55
       Rpst.: Long sword |     8 |     4 ||    12

Table legend:
 A = Non-vault XP
 B = Vault XP
 C = Vault XP percentage of total XP
 D = Non-vault monster count
 E = Vault monster count
 F = Vault count percentage of total count
                 A         B        C        D         E       F
            +---------+---------+-------+---------+---------+-------
      Total |     154 |       0 |   0.0 |      61 |       0 |   0.0
            +---------+---------+-------+---------+---------+-------
        D:1 |      32 |       0 |   0.0 |      15 |       0 |   0.0
        D:2 |      62 |       0 |   0.0 |      24 |       0 |   0.0
        D:3 |      60 |       0 |   0.0 |      22 |       0 |   0.0
            +---------+---------+-------+---------+---------+-------
